Devils vs Coyotes

Created - Saturday, January 23, 2016 at 01:19

Goals
1 2 3 T
Devils 0 0 0 0
Coyotes 1 0 0 1
Shots
1 2 3 T
Devils 11 9 4 24
Coyotes 10 9 9 28

1st period

1. Coyotes , Rob Klinkhammer 6 (Elias Lindholm, R.J. Umberger) at 7:27 (PP)

Penalties :
Mark Borowiecki (Ari) for Holding (Minor) at 0:15, Paul Stastny (NJD) for Roughing (Double Minor) at 6:13, Nick Petrecki (Ari) for Hooking (Minor) at 11:47

2nd period

No Goal

Penalties :
Brendan Shinnimin (NJD) for Hooking (Minor) at 2:28, Eric Nystrom (Ari) for Interference (Minor) at 3:01, Nick Petrecki (Ari) for Hooking (Minor) at 7:51, R.J. Umberger (Ari) for Unsportsmanlike conduct (Minor) at 11:03, Carter Ashton (Ari) for Hooking (Minor) at 15:30

3rd period

No Goal

Penalties :
Matt Greene (NJD) for Holding (Minor) at 1:18, Philippe Paradis (Ari) for Interference (Minor) at 4:31, Paul Stastny (NJD) for High sticking (Minor) at 11:36, Sergei Gonchar (NJD) for Hooking (Minor) at 14:16

Goalie Stats

Devan Dubnyk (NJD), 27 saves from 28 shots - (0.964), L, 22-16-2, 60:00 minutes
Carter Hutton (Ari), 24 saves from 24 shots - (1.000), W, 2-10-0, 60:00 minutes

Players Stats for Devils

Player Name              G  A  P  +/- PIM S  H  SB GA TA FO     MP     PP MP  PK MP  
------------------------------------------------------------------------------------
Ales Hemsky              0  0  0   0  0   0  0  0  0  0  0/0    18:16   7:10   2:48 
Andrew Miller            0  0  0   0  0   0  1  0  1  0  6/7     8:49   0:00   0:00 
Brad Hunt                0  0  0   0  0   0  0  1  1  0  0/0    23:02   6:47   5:38 
Brendan Shinnimin        0  0  0   0  2   4  2  2  0  0  2/5    14:40   0:03   1:35 
Chris Bourque            0  0  0   0  0   1  0  0  0  0  0/0    11:52   0:00   0:00 
Chris Wideman            0  0  0   0  0   0  2  0  0  0  0/0    20:02   4:58   1:58 
David Warsofsky          0  0  0   0  0   0  1  1  0  0  0/0    17:17   0:00   4:05 
Drew Stafford            0  0  0   0  0   1  1  1  1  1  0/0    17:01   6:26   1:55 
Jason Akeson             0  0  0   0  0   0  0  0  0  0  0/1     8:49   0:00   0:00 
Matt Cullen              0  0  0   0  0   1  1  0  0  1  6/10   18:03   5:58   6:13 
Matt Greene              0  0  0   0  2   1  2  2  1  2  0/0    14:56   0:09   3:40 
Paul Stastny             0  0  0   0  6   2  0  0  1  0  8/18   17:25   6:29   0:00 
Radko Gudas              0  0  0   0  0   1  3  1  1  3  0/0    18:54   0:42   4:05 
Scottie Upshall          0  0  0   0  0   0  3  0  1  1  0/0    18:03   5:58   6:13 
Sergei Gonchar           0  0  0   0  2   4  0  0  0  0  0/0    16:53   5:08   0:00 
Tyler Johnson            0  0  0   0  0   3  1  0  1  1  0/1    17:19   6:29   0:42 
Zach Boychuk             0  0  0   0  0   3  0  0  5  0  0/0    15:33   5:58   0:00 
Zach Budish              0  0  0   0  0   3  1  1  0  0  0/0    11:52   0:00   0:00 

Players Stats for Coyotes

Player Name              G  A  P  +/- PIM S  H  SB GA TA FO     MP     PP MP  PK MP  
------------------------------------------------------------------------------------
Andrej Sustr             0  0  0   0  0   1  1  4  1  3  0/0    24:35   3:27   8:36 
Bobby Butler             0  0  0   0  0   0  0  0  0  0  0/0     8:11   0:00   0:03 
Carter Ashton            0  0  0   0  2   0  4  0  0  0  0/0    11:16   0:00   0:00 
David Jones              0  0  0   0  0   0  4  0  2  0  0/1    15:32   5:41   2:00 
Elias Lindholm           0  1  1   0  0   5  1  1  2  0  9/19   20:12   4:02   7:11 
Eric Nystrom             0  0  0   0  2   5  2  2  1  2  1/1    20:26   5:11   7:41 
Gabriel Dumont           0  0  0   0  0   0  0  0  1  0  2/3     8:58   0:33   0:00 
Greg Pateryn             0  0  0   0  0   1  3  3  0  0  0/0    22:33   3:27   3:51 
Jonathan Marchessault    0  0  0   0  0   1  1  0  1  0  0/0    12:56   0:00   0:00 
Mark Borowiecki          0  0  0   0  2   2  5  0  0  0  0/0    20:53   0:00   7:21 
Michal Jordan            0  0  0   0  0   2  1  0  0  1  0/0    23:16   6:16   5:03 
Nick Petrecki            0  0  0   0  4   0  0  0  0  0  0/0     9:48   0:00   0:00 
Philippe Paradis         0  0  0   0  2   0  2  0  0  0  0/0     9:24   0:00   0:30 
R.J. Umberger            0  1  1   0  2   2  0  0  2  0  1/2    16:04   3:58   3:30 
Rob Klinkhammer          1  0  1   0  0   2  0  0  1  0  0/0    11:54   4:02   0:00 
Ryan Spooner             0  0  0   0  0   1  1  0  1  1  7/10   17:47   5:41   3:38 
Stephen Weiss            0  0  0   0  0   5  0  0  5  1  0/6    12:21   0:00   0:21 
Yannick Weber            0  0  0   0  0   1  0  3  2  1  0/0    19:54   6:16   0:03 

3 Stars

1 - Carter Hutton (Ari)
2 - Devan Dubnyk (NJD)
3 - Rob Klinkhammer (Ari)

Power Play

Devils - 0 on 7 Attempt(s) - 0.00%
Coyotes - 1 on 6 Attempt(s) - 16.67%

Penalty Kill

Devils - 5 on 6 Attempt(s) - 83.33% - Score 0 goal in Penalty Kill
Coyotes - 7 on 7 Attempt(s) - 100.00% - Score 0 goal in Penalty Kill

Team Stat

Devils - Hits : 18 - Faceoff Wins : 22 - Blocked Shots : 9 - Penalty Minutes : 12
Coyotes - Hits : 25 - Faceoff Wins : 20 - Blocked Shots : 13 - Penalty Minutes : 14

Official

Referees : Unknown
Linesman : Unknown

Game Notes

No Game Note

Finance

Level 1 -- Attendance: 4353 (72.55%) -- Ticket Income $400,476
Level 2 -- Attendance: 3320 (66.40%) -- Ticket Income $199,200
Level 3 -- Attendance: 1630 (81.50%) -- Ticket Income $52,160
Level 4 -- Attendance: 3184 (79.60%) -- Ticket Income $63,680
Luxury Box -- Attendance: 691 (69.10%) -- Ticket Income $127,835
Game was played at the Glendale Arena.
Total Attendance: 13178 (73.21%)
Total Ticket Income: $843,351
Other Income: $413,242
Total Income: $1,256,593

Devils

5 vs 5 Forward 
   Center                   Left Wing                Right Wing               Time % Phy DF OF 
 1 Paul Stastny             Tyler Johnson            Drew Stafford            38     0   0  5  
 2 Matt Cullen              Scottie Upshall          Ales Hemsky              30     1   2  2  
 3 Andrew Miller            Zach Boychuk             Jason Akeson             22     1   2  2  
 4 Brendan Shinnimin        Chris Bourque            Zach Budish              10     1   2  2  

5 vs 5 Defense 
   Defense                  Defense                                           Time % Phy DF OF 
 1 Matt Greene              Chris Wideman                                     35     1   2  2  
 2 Radko Gudas              David Warsofsky                                   34     1   2  2  
 3 Brad Hunt                Sergei Gonchar                                    30     1   2  2  
 4 Chris Wideman            Sergei Gonchar                                    1      1   2  2  

PowerPlay Forward 
   Center                   Left Wing                Right Wing               Time % Phy DF OF 
 1 Paul Stastny             Tyler Johnson            Drew Stafford            60     0   0  5  
 2 Matt Cullen              Zach Boychuk             Scottie Upshall          40     0   0  5  

PowerPlay Defense
   Defense                  Defense                                           Time % Phy DF OF 
 1 Ales Hemsky              Brad Hunt                                         60     0   0  5  
 2 Chris Wideman            Sergei Gonchar                                    40     0   0  5  

Penalty Kill 4 Players Forward 
   Center                   Wing                     Time % Phy DF OF 
 1 Matt Cullen              Scottie Upshall          60     0   5  0  
 2 Brendan Shinnimin        Ales Hemsky              40     0   5  0  

Penalty Kill 4 Players Defense
   Defense                  Defense                  Time % Phy DF OF 
 1 Matt Greene              Brad Hunt                60     0   5  0  
 2 Radko Gudas              David Warsofsky          40     0   5  0  

Penalty Kill - 3 Players Forward 
   Forward                                           Time % Phy DF OF 
 1 Matt Cullen                                       60     0   5  0  
 2 Brendan Shinnimin                                 40     0   5  0  

Penalty Kill - 3 Players Defense
   Defense                  Defense                  Time % Phy DF OF 
 1 Matt Greene              Brad Hunt                60     0   5  0  
 2 Radko Gudas              David Warsofsky          40     0   5  0  

4 vs 4 Forward 
   Center                   Wing                     Time % Phy DF OF 
 1 Paul Stastny             Tyler Johnson            60     0   0  5  
 2 Brendan Shinnimin        Matt Cullen              40     1   3  1  

4 vs 4 Defense
   Defense                  Defense                  Time % Phy DF OF 
 1 Matt Greene              Brad Hunt                60     0   0  5  
 2 Radko Gudas              Sergei Gonchar           40     1   3  1  

Last Minutes Offensive
   Center                   Left Wing                Right Wing               Defense                  Defense                  
   Paul Stastny             Tyler Johnson            Drew Stafford            Sergei Gonchar           Chris Wideman            

Last Minutes Defensive
   Center                   Left Wing                Right Wing               Defense                  Defense                  
   Paul Stastny             Matt Cullen              Scottie Upshall          Matt Greene              Radko Gudas              

Goaltenders
Starting : Devan Dubnyk             
Backup : Thomas Greiss            

Extra Forwards
Normal : Tyler Johnson, Scottie Upshall, Zach Boychuk - PP : Zach Boychuk, Jason Akeson - PK : Ales Hemsky
Extra Defensemen
Normal : Chris Wideman, Matt Greene, Radko Gudas - PP : Radko Gudas - PK : Chris Wideman, David Warsofsky
Penalty Shots
Matt Cullen, Drew Stafford, Ales Hemsky, Tyler Johnson, Andrew Miller

Coyotes

5 vs 5 Forward 
   Center                   Left Wing                Right Wing               Time % Phy DF OF 
 1 Elias Lindholm           Eric Nystrom             David Jones              35     1   2  2  
 2 Ryan Spooner             Rob Klinkhammer          R.J. Umberger            30     1   2  2  
 3 Stephen Weiss            Carter Ashton            Jonathan Marchessault    22     1   2  2  
 4 Gabriel Dumont           Philippe Paradis         Bobby Butler             13     1   2  2  

5 vs 5 Defense 
   Defense                  Defense                                           Time % Phy DF OF 
 1 Andrej Sustr             Mark Borowiecki                                   35     1   2  2  
 2 Greg Pateryn             Yannick Weber                                     30     1   2  2  
 3 Nick Petrecki            Michal Jordan                                     22     1   2  2  
 4 Mark Borowiecki          Michal Jordan                                     13     1   2  2  

PowerPlay Forward 
   Center                   Left Wing                Right Wing               Time % Phy DF OF 
 1 Ryan Spooner             Eric Nystrom             David Jones              60     1   2  2  
 2 Elias Lindholm           Rob Klinkhammer          R.J. Umberger            40     1   2  2  

PowerPlay Defense
   Defense                  Defense                                           Time % Phy DF OF 
 1 Michal Jordan            Yannick Weber                                     60     1   2  2  
 2 Andrej Sustr             Greg Pateryn                                      40     1   2  2  

Penalty Kill 4 Players Forward 
   Center                   Wing                     Time % Phy DF OF 
 1 Elias Lindholm           Eric Nystrom             60     1   2  2  
 2 Ryan Spooner             R.J. Umberger            40     1   2  2  

Penalty Kill 4 Players Defense
   Defense                  Defense                  Time % Phy DF OF 
 1 Mark Borowiecki          Andrej Sustr             60     1   2  2  
 2 Greg Pateryn             Michal Jordan            40     1   2  2  

Penalty Kill - 3 Players Forward 
   Forward                                           Time % Phy DF OF 
 1 Elias Lindholm                                    60     1   2  2  
 2 Ryan Spooner                                      40     1   2  2  

Penalty Kill - 3 Players Defense
   Defense                  Defense                  Time % Phy DF OF 
 1 Mark Borowiecki          Andrej Sustr             60     1   2  2  
 2 Greg Pateryn             Michal Jordan            40     1   2  2  

4 vs 4 Forward 
   Center                   Wing                     Time % Phy DF OF 
 1 Elias Lindholm           Eric Nystrom             60     1   2  2  
 2 Ryan Spooner             David Jones              40     1   2  2  

4 vs 4 Defense
   Defense                  Defense                  Time % Phy DF OF 
 1 Andrej Sustr             Yannick Weber            60     1   2  2  
 2 Greg Pateryn             Michal Jordan            40     1   2  2  

Last Minutes Offensive
   Center                   Left Wing                Right Wing               Defense                  Defense                  
   Elias Lindholm           Ryan Spooner             Eric Nystrom             Andrej Sustr             Yannick Weber            

Last Minutes Defensive
   Center                   Left Wing                Right Wing               Defense                  Defense                  
   Elias Lindholm           Eric Nystrom             David Jones              Andrej Sustr             Mark Borowiecki          

Goaltenders
Starting : Carter Hutton            
Backup : Magnus Hellberg          

Extra Forwards
Normal : Jonathan Marchessault, Bobby Butler, Gabriel Dumont - PP : R.J. Umberger, Gabriel Dumont - PK : David Jones
Extra Defensemen
Normal : Michal Jordan, Greg Pateryn, Andrej Sustr - PP : Yannick Weber - PK : Michal Jordan, Yannick Weber
Penalty Shots
Elias Lindholm, Ryan Spooner, Eric Nystrom, David Jones, R.J. Umberger

% Time on Ice - Devils

Lines # - Real PCT - Wanted PCT - Time Play
Normal Forward
1 - 24% - 38% - 8:35
2 - 19% - 30% - 7:03
3 - 24% - 22% - 8:49
4 - 33% - 10% - 11:52
Normal Defense
1 - 34% - 35% - 12:22
2 - 38% - 34% - 13:57
3 - 22% - 30% - 7:50
4 - 6% - 1% - 2:10
PP Forward
1 - 52% - 60% - 6:29
2 - 48% - 40% - 5:58
PP Defense
1 - 59% - 60% - 7:19
2 - 41% - 40% - 5:08
PK Forward
1 - 84% - 60% - 8:08
2 - 16% - 40% - 1:35
PK Defense
1 - 58% - 60% - 5:38
2 - 42% - 40% - 4:05
PK3 Forward
1 - 0% - 60%
2 - 0% - 40%
PK3 Defense
1 - 0% - 60%
2 - 0% - 40%
44 Forward
1 - 100% - 60% - 1:26
2 - 0% - 40% - 0:00
44 Defense
1 - 36% - 60% - 0:31
2 - 64% - 40% - 0:55
Last Minute Offensive  - 0:05
Last Minute Defensive  - 0:00
Total
Forward - 60:00
Defense - 60:00

% Time on Ice - Coyotes

Lines # - Real PCT - Wanted PCT - Time Play
Normal Forward
1 - 22% - 35% - 7:48
2 - 25% - 30% - 8:43
3 - 31% - 22% - 11:05
4 - 22% - 13% - 7:50
Normal Defense
1 - 34% - 35% - 12:04
2 - 38% - 30% - 13:20
3 - 25% - 22% - 8:48
4 - 3% - 13% - 1:14
PP Forward
1 - 58% - 60% - 5:41
2 - 42% - 40% - 4:02
PP Defense
1 - 64% - 60% - 6:16
2 - 36% - 40% - 3:27
PK Forward
1 - 71% - 60% - 8:49
2 - 29% - 40% - 3:38
PK Defense
1 - 69% - 60% - 8:36
2 - 31% - 40% - 3:51
PK3 Forward
1 - 0% - 60%
2 - 0% - 40%
PK3 Defense
1 - 0% - 60%
2 - 0% - 40%
44 Forward
1 - 100% - 60% - 1:26
2 - 0% - 40% - 0:00
44 Defense
1 - 34% - 60% - 0:29
2 - 66% - 40% - 0:57
Last Minute Offensive  - 0:00
Last Minute Defensive  - 0:58
Total
Forward - 60:00
Defense - 60:00

Play by Play

1st period


0:01 of 1st period - Elias Lindholm wins face-off versus Paul Stastny in neutral zone.
0:04 of 1st period - Slapshot by Eric Nystrom.
0:04 of 1st period - Stopped by Devan Dubnyk without a rebound.
0:05 of 1st period - Eric Nystrom wins face-off versus Paul Stastny in Devils zone.
0:15 of 1st period - Minor Penalty to Mark Borowiecki for Holding.
0:16 of 1st period - Paul Stastny wins face-off versus Elias Lindholm in Coyotes zone.
0:36 of 1st period - Snap shot by Drew Stafford.
0:36 of 1st period - Deflect By Paul Stastny.
0:36 of 1st period - Shot Misses the Net.
0:36 of 1st period - Puck is out of play.
0:37 of 1st period - Matt Cullen wins face-off versus R.J. Umberger in Coyotes zone.
1:20 of 1st period - Snap shot by Eric Nystrom.
1:20 of 1st period - Deflect By Elias Lindholm.
1:20 of 1st period - Shot Misses the Net.
1:20 of 1st period - Puck is out of play.
1:21 of 1st period - Paul Stastny wins face-off versus Elias Lindholm in Devils zone.
2:15 of 1st period - Penalty to Mark Borowiecki is over, Mark Borowiecki is back on ice.
2:32 of 1st period - Wrist shot by Stephen Weiss.
2:32 of 1st period - Stopped by Devan Dubnyk with a rebound.
2:58 of 1st period - Wrist shot by Brendan Shinnimin.
2:58 of 1st period - Stopped by Carter Hutton with a rebound.
3:00 of 1st period - Slapshot by Zach Budish.
3:00 of 1st period - Stopped by Carter Hutton with a rebound.
3:10 of 1st period - Slapshot by Radko Gudas.
3:10 of 1st period - Stopped by Carter Hutton without a rebound.
3:11 of 1st period - Ryan Spooner wins face-off versus Paul Stastny in Coyotes zone.
3:20 of 1st period - Matt Greene is hit by Mark Borowiecki and loses puck.
3:27 of 1st period - R.J. Umberger is hit by Chris Wideman and loses puck.
3:32 of 1st period - Wrist shot by Tyler Johnson.
3:32 of 1st period - Stopped by Carter Hutton with a rebound.
3:34 of 1st period - Slapshot by Matt Greene.
3:34 of 1st period - Shot Blocked by Andrej Sustr.
3:36 of 1st period - Snap shot by Tyler Johnson.
3:36 of 1st period - Deflect By Paul Stastny.
3:36 of 1st period - Shot Blocked by Andrej Sustr.
3:36 of 1st period - Puck is out of play.
3:37 of 1st period - Andrew Miller wins face-off versus Elias Lindholm in Coyotes zone.
4:27 of 1st period - Slapshot by Sergei Gonchar.
4:27 of 1st period - Shot Blocked by Greg Pateryn.
5:53 of 1st period - Wrist shot by Jonathan Marchessault.
5:53 of 1st period - Shot Misses the Net.
5:55 of 1st period - Slapshot by Stephen Weiss.
5:55 of 1st period - Shot Misses the Net.
5:57 of 1st period - Wrist shot by Jonathan Marchessault.
5:57 of 1st period - Shot Misses the Net.
5:59 of 1st period - Snap shot by Stephen Weiss.
5:59 of 1st period - Shot Misses the Net.
6:01 of 1st period - Snap shot by Jonathan Marchessault.
6:01 of 1st period - Deflect By Stephen Weiss.
6:01 of 1st period - Shot Misses the Net.
6:01 of 1st period - Puck is out of play.
6:02 of 1st period - Elias Lindholm wins face-off versus Paul Stastny in Devils zone.
6:07 of 1st period - Wrist shot by Elias Lindholm.
6:07 of 1st period - Stopped by Devan Dubnyk without a rebound.
6:08 of 1st period - Elias Lindholm wins face-off versus Tyler Johnson in Devils zone.
6:11 of 1st period - Snap shot by David Jones.
6:11 of 1st period - Shot Misses the Net.
6:13 of 1st period - Double Minor Penalty to Paul Stastny for Roughing.
6:14 of 1st period - Matt Cullen wins face-off versus Ryan Spooner in Devils zone.
6:33 of 1st period - Ryan Spooner is hit by Radko Gudas and loses puck.
7:25 of 1st period - Snap shot by Rob Klinkhammer.
7:25 of 1st period - Shot Blocked by Radko Gudas.
7:27 of 1st period - Snap shot by Rob Klinkhammer.
7:27 of 1st period - Goal by Rob Klinkhammer - Devils : 0 - Coyotes : 1.
7:28 of 1st period - R.J. Umberger wins face-off versus Brendan Shinnimin in neutral zone.
8:39 of 1st period - Scottie Upshall is hit by Eric Nystrom and loses puck.
9:27 of 1st period - Penalty to Paul Stastny is over, Paul Stastny is back on ice.
9:49 of 1st period - Snap shot by Stephen Weiss.
9:49 of 1st period - Stopped by Devan Dubnyk without a rebound.
9:50 of 1st period - Andrew Miller wins face-off versus Stephen Weiss in Devils zone.
10:03 of 1st period - Slapshot by Jonathan Marchessault.
10:03 of 1st period - Stopped by Devan Dubnyk with a rebound.
10:15 of 1st period - Jason Akeson is hit by Carter Ashton and loses puck.
11:09 of 1st period - Mark Borowiecki is hit by Tyler Johnson and loses puck.
11:34 of 1st period - Wrist shot by R.J. Umberger.
11:34 of 1st period - Stopped by Devan Dubnyk with a rebound.
11:36 of 1st period - Wrist shot by R.J. Umberger.
11:36 of 1st period - Deflect By Ryan Spooner.
11:36 of 1st period - Shot Blocked by Brendan Shinnimin.
11:36 of 1st period - Puck is out of play.
11:37 of 1st period - Ryan Spooner wins face-off versus Jason Akeson in Devils zone.
11:47 of 1st period - Minor Penalty to Nick Petrecki for Hooking.
11:48 of 1st period - Paul Stastny wins face-off versus Elias Lindholm in Coyotes zone.
12:09 of 1st period - Slapshot by Paul Stastny.
12:09 of 1st period - Shot Misses the Net.
12:15 of 1st period - Backhand shot by Paul Stastny.
12:15 of 1st period - Shot Misses the Net.
12:32 of 1st period - Snap shot by Scottie Upshall.
12:32 of 1st period - Deflect By Zach Boychuk.
12:32 of 1st period - Shot Blocked by Eric Nystrom.
12:32 of 1st period - Puck is out of play.
12:33 of 1st period - Matt Cullen wins face-off versus Elias Lindholm in Coyotes zone.
12:36 of 1st period - Wrist shot by Zach Boychuk.
12:36 of 1st period - Stopped by Carter Hutton with a rebound.
12:38 of 1st period - Wrist shot by Chris Wideman.
12:38 of 1st period - Shot Blocked by Elias Lindholm.
12:40 of 1st period - Slapshot by Sergei Gonchar.
12:40 of 1st period - Stopped by Carter Hutton with a rebound.
12:42 of 1st period - Slapshot by Sergei Gonchar.
12:42 of 1st period - Stopped by Carter Hutton with a rebound.
12:44 of 1st period - Snap shot by Matt Cullen.
12:44 of 1st period - Shot Misses the Net.
12:46 of 1st period - Slapshot by Chris Wideman.
12:46 of 1st period - Deflect By Scottie Upshall.
12:46 of 1st period - Shot Blocked by Eric Nystrom.
12:46 of 1st period - Puck is out of play.
12:47 of 1st period - Elias Lindholm wins face-off versus Paul Stastny in Coyotes zone.
13:20 of 1st period - Michal Jordan is hit by Matt Cullen and loses puck.
13:37 of 1st period - Wrist shot by Matt Cullen.
13:37 of 1st period - Stopped by Carter Hutton without a rebound.
13:38 of 1st period - Ryan Spooner wins face-off versus Paul Stastny in Coyotes zone.
13:47 of 1st period - Penalty to Nick Petrecki is over, Nick Petrecki is back on ice.
14:13 of 1st period - Wrist shot by Zach Boychuk.
14:13 of 1st period - Shot Misses the Net.
15:56 of 1st period - Scottie Upshall is hit by Andrej Sustr and loses puck.
16:31 of 1st period - Slapshot by Tyler Johnson.
16:31 of 1st period - Shot Misses the Net.
16:41 of 1st period - Wrist shot by Tyler Johnson.
16:41 of 1st period - Stopped by Carter Hutton with a rebound.
16:43 of 1st period - Snap shot by Paul Stastny.
16:43 of 1st period - Stopped by Carter Hutton without a rebound.
16:44 of 1st period - Andrew Miller wins face-off versus Stephen Weiss in Coyotes zone.
16:45 of 1st period - Wrist shot by Zach Boychuk.
16:45 of 1st period - Stopped by Carter Hutton with a rebound.
16:59 of 1st period - Snap shot by Jonathan Marchessault.
16:59 of 1st period - Deflect By Stephen Weiss.
16:59 of 1st period - Shot Misses the Net.
16:59 of 1st period - Puck is out of play.
17:00 of 1st period - Andrew Miller wins face-off versus Stephen Weiss in Devils zone.
18:32 of 1st period - David Warsofsky is hit by David Jones and loses puck.
19:25 of 1st period - Mark Borowiecki is hit by Scottie Upshall.
19:31 of 1st period - Slapshot by Michal Jordan.
19:31 of 1st period - Shot Blocked by Brad Hunt.
19:33 of 1st period - Slapshot by Mark Borowiecki.
19:33 of 1st period - Shot Misses the Net.
19:35 of 1st period - Snap shot by Michal Jordan.
19:35 of 1st period - Stopped by Devan Dubnyk with a rebound.
19:37 of 1st period - Snap shot by Mark Borowiecki.
19:37 of 1st period - Stopped by Devan Dubnyk with a rebound.
19:39 of 1st period - Slapshot by Mark Borowiecki.
19:39 of 1st period - Stopped by Devan Dubnyk with a rebound.
Goals for this period are 0 for Devils vs 1 for Coyotes.
Shots for this period are 11 for Devils vs 10 for Coyotes.

2nd period


0:01 of 2nd period - Elias Lindholm wins face-off versus Paul Stastny in neutral zone.
0:31 of 2nd period - Snap shot by Elias Lindholm.
0:31 of 2nd period - Shot Blocked by Matt Greene.
0:35 of 2nd period - Wrist shot by Elias Lindholm.
0:35 of 2nd period - Deflect By Eric Nystrom.
0:35 of 2nd period - Stopped by Devan Dubnyk with a rebound.
0:37 of 2nd period - Wrist shot by David Jones.
0:37 of 2nd period - Shot Blocked by Drew Stafford.
1:04 of 2nd period - Snap shot by Ales Hemsky.
1:04 of 2nd period - Shot Blocked by Andrej Sustr.
1:10 of 2nd period - Matt Cullen is hit by Mark Borowiecki and loses puck.
1:58 of 2nd period - Slapshot by Stephen Weiss.
1:58 of 2nd period - Shot Blocked by David Warsofsky.
2:20 of 2nd period - Philippe Paradis is hit by David Warsofsky and loses puck.
2:28 of 2nd period - Minor Penalty to Brendan Shinnimin for Hooking.
2:29 of 2nd period - Ryan Spooner wins face-off versus Matt Cullen in Devils zone.
2:44 of 2nd period - Matt Cullen is hit by Ryan Spooner and loses puck.
3:01 of 2nd period - Minor Penalty to Eric Nystrom for Interference.
3:02 of 2nd period - Elias Lindholm wins face-off versus Paul Stastny in Coyotes zone.
3:02 of 2nd period - Elias Lindholm is hit by Matt Greene.
3:22 of 2nd period - Snap shot by Paul Stastny.
3:22 of 2nd period - Shot Misses the Net.
3:28 of 2nd period - Wrist shot by Paul Stastny.
3:28 of 2nd period - Shot Blocked by Yannick Weber.
3:30 of 2nd period - Slapshot by Matt Greene.
3:30 of 2nd period - Deflect By Elias Lindholm.
3:30 of 2nd period - Stopped by Carter Hutton without a rebound.
3:31 of 2nd period - Paul Stastny wins face-off versus Elias Lindholm in Coyotes zone.
4:24 of 2nd period - Sergei Gonchar is hit by Elias Lindholm and loses puck.
4:28 of 2nd period - Penalty to Brendan Shinnimin is over, Brendan Shinnimin is back on ice.
4:42 of 2nd period - Matt Cullen is hit by Philippe Paradis and loses puck.
4:49 of 2nd period - Scottie Upshall is hit by David Jones and loses puck.
5:01 of 2nd period - Penalty to Eric Nystrom is over, Eric Nystrom is back on ice.
5:08 of 2nd period - Snap shot by David Jones.
5:08 of 2nd period - Shot Misses the Net.
5:10 of 2nd period - Snap shot by Eric Nystrom.
5:10 of 2nd period - Stopped by Devan Dubnyk without a rebound.
5:11 of 2nd period - Ryan Spooner wins face-off versus Brendan Shinnimin in Devils zone.
5:33 of 2nd period - Wrist shot by Rob Klinkhammer.
5:33 of 2nd period - Stopped by Devan Dubnyk with a rebound.
5:35 of 2nd period - Snap shot by Ryan Spooner.
5:35 of 2nd period - Deflect By R.J. Umberger.
5:35 of 2nd period - Stopped by Devan Dubnyk without a rebound.
5:36 of 2nd period - Andrew Miller wins face-off versus Stephen Weiss in Devils zone.
5:50 of 2nd period - Carter Ashton is hit by Andrew Miller and loses puck.
7:06 of 2nd period - Wrist shot by Elias Lindholm.
7:06 of 2nd period - Stopped by Devan Dubnyk without a rebound.
7:07 of 2nd period - Gabriel Dumont wins face-off versus Paul Stastny in Devils zone.
7:51 of 2nd period - Minor Penalty to Nick Petrecki for Hooking.
7:52 of 2nd period - Elias Lindholm wins face-off versus Matt Cullen in Coyotes zone.
8:05 of 2nd period - Snap shot by Zach Boychuk.
8:05 of 2nd period - Stopped by Carter Hutton with a rebound.
9:04 of 2nd period - Wrist shot by Eric Nystrom.
9:04 of 2nd period - Stopped by Devan Dubnyk without a rebound.
9:05 of 2nd period - Matt Cullen wins face-off versus Elias Lindholm in Devils zone.
9:30 of 2nd period - Slapshot by Tyler Johnson.
9:30 of 2nd period - Shot Misses the Net.
9:51 of 2nd period - Penalty to Nick Petrecki is over, Nick Petrecki is back on ice.
9:57 of 2nd period - Eric Nystrom is hit by Scottie Upshall and loses puck.
10:05 of 2nd period - Icing by Greg Pateryn.
10:06 of 2nd period - Brendan Shinnimin wins face-off versus David Jones in Coyotes zone.
10:11 of 2nd period - Wrist shot by Chris Bourque.
10:11 of 2nd period - Stopped by Carter Hutton with a rebound.
10:13 of 2nd period - Slapshot by Zach Budish.
10:13 of 2nd period - Stopped by Carter Hutton without a rebound.
10:14 of 2nd period - Brendan Shinnimin wins face-off versus Stephen Weiss in Coyotes zone.
10:17 of 2nd period - Wrist shot by Brendan Shinnimin.
10:17 of 2nd period - Stopped by Carter Hutton with a rebound.
10:23 of 2nd period - Brendan Shinnimin is hit by Carter Ashton and loses puck.
11:03 of 2nd period - Minor Penalty to R.J. Umberger for Unsportsmanlike conduct.
11:04 of 2nd period - Paul Stastny wins face-off versus Elias Lindholm in Coyotes zone.
11:24 of 2nd period - Wrist shot by Drew Stafford.
11:24 of 2nd period - Stopped by Carter Hutton with a rebound.
12:48 of 2nd period - Zach Boychuk is hit by Mark Borowiecki and loses puck.
13:03 of 2nd period - Penalty to R.J. Umberger is over, R.J. Umberger is back on ice.
13:09 of 2nd period - Chris Bourque is hit by Carter Ashton and loses puck.
13:28 of 2nd period - Wrist shot by Stephen Weiss.
13:28 of 2nd period - Shot Blocked by Zach Budish.
13:30 of 2nd period - Slapshot by Michal Jordan.
13:30 of 2nd period - Stopped by Devan Dubnyk with a rebound.
13:32 of 2nd period - Wrist shot by Stephen Weiss.
13:32 of 2nd period - Stopped by Devan Dubnyk without a rebound.
13:33 of 2nd period - Gabriel Dumont wins face-off versus Andrew Miller in Devils zone.
13:48 of 2nd period - Slapshot by Zach Boychuk.
13:48 of 2nd period - Shot Misses the Net.
14:26 of 2nd period - Radko Gudas is hit by Greg Pateryn.
14:59 of 2nd period - Jonathan Marchessault is hit by Brendan Shinnimin and loses puck.
15:16 of 2nd period - Snap shot by Brendan Shinnimin.
15:16 of 2nd period - Shot Misses the Net.
15:30 of 2nd period - Minor Penalty to Carter Ashton for Hooking.
15:31 of 2nd period - Elias Lindholm wins face-off versus Paul Stastny in Coyotes zone.
16:00 of 2nd period - Ales Hemsky is hit by Eric Nystrom and loses puck.
16:07 of 2nd period - Wrist shot by Elias Lindholm.
16:07 of 2nd period - Stopped by Devan Dubnyk with a rebound.
16:33 of 2nd period - Slapshot by Matt Cullen.
16:33 of 2nd period - Shot Misses the Net.
16:35 of 2nd period - Backhand shot by Matt Cullen.
16:35 of 2nd period - Shot Misses the Net.
16:53 of 2nd period - Scottie Upshall is hit by Mark Borowiecki and loses puck.
17:16 of 2nd period - Snap shot by Tyler Johnson.
17:16 of 2nd period - Shot Misses the Net.
17:18 of 2nd period - Snap shot by Drew Stafford.
17:18 of 2nd period - Shot Misses the Net.
17:20 of 2nd period - Wrist shot by Paul Stastny.
17:20 of 2nd period - Shot Misses the Net.
17:22 of 2nd period - Snap shot by Sergei Gonchar.
17:22 of 2nd period - Stopped by Carter Hutton with a rebound.
17:24 of 2nd period - Wrist shot by Tyler Johnson.
17:24 of 2nd period - Stopped by Carter Hutton with a rebound.
17:30 of 2nd period - Penalty to Carter Ashton is over, Carter Ashton is back on ice.
17:50 of 2nd period - Philippe Paradis is hit by Brendan Shinnimin and loses puck.
18:38 of 2nd period - Snap shot by Greg Pateryn.
18:38 of 2nd period - Shot Misses the Net.
19:55 of 2nd period - Slapshot by Sergei Gonchar.
19:55 of 2nd period - Shot Misses the Net.
19:57 of 2nd period - Slapshot by Sergei Gonchar.
19:57 of 2nd period - Stopped by Carter Hutton with a rebound.
Goals for this period are 0 for Devils vs 0 for Coyotes.
Shots for this period are 9 for Devils vs 9 for Coyotes.

3rd period


0:01 of 3rd period - Paul Stastny wins face-off versus Elias Lindholm in neutral zone.
0:15 of 3rd period - Snap shot by David Jones.
0:15 of 3rd period - Shot Misses the Net.
0:17 of 3rd period - Slapshot by Mark Borowiecki.
0:17 of 3rd period - Shot Misses the Net.
0:19 of 3rd period - Slapshot by Eric Nystrom.
0:19 of 3rd period - Shot Misses the Net.
0:21 of 3rd period - Slapshot by Andrej Sustr.
0:21 of 3rd period - Stopped by Devan Dubnyk without a rebound.
0:22 of 3rd period - Matt Cullen wins face-off versus Ryan Spooner in Devils zone.
0:55 of 3rd period - Snap shot by Ales Hemsky.
0:55 of 3rd period - Shot Blocked by Yannick Weber.
1:18 of 3rd period - Minor Penalty to Matt Greene for Holding.
1:19 of 3rd period - Matt Cullen wins face-off versus Ryan Spooner in Devils zone.
1:37 of 3rd period - Snap shot by Ryan Spooner.
1:37 of 3rd period - Stopped by Devan Dubnyk with a rebound.
1:39 of 3rd period - Slapshot by Michal Jordan.
1:39 of 3rd period - Shot Hit the Post.
1:41 of 3rd period - Slapshot by Yannick Weber.
1:41 of 3rd period - Stopped by Devan Dubnyk with a rebound.
2:37 of 3rd period - Brad Hunt is hit by David Jones.
3:15 of 3rd period - Rob Klinkhammer is hit by Chris Wideman and loses puck.
3:18 of 3rd period - Penalty to Matt Greene is over, Matt Greene is back on ice.
4:23 of 3rd period - Brendan Shinnimin is hit by Michal Jordan and loses puck.
4:31 of 3rd period - Minor Penalty to Philippe Paradis for Interference.
4:32 of 3rd period - Paul Stastny wins face-off versus Elias Lindholm in Coyotes zone.
5:21 of 3rd period - Mark Borowiecki is hit by Scottie Upshall and loses puck.
6:31 of 3rd period - Penalty to Philippe Paradis is over, Philippe Paradis is back on ice.
6:35 of 3rd period - Wrist shot by Paul Stastny.
6:35 of 3rd period - Shot Misses the Net.
6:49 of 3rd period - Snap shot by Chris Bourque.
6:49 of 3rd period - Shot Blocked by Andrej Sustr.
6:51 of 3rd period - Wrist shot by Brendan Shinnimin.
6:51 of 3rd period - Stopped by Carter Hutton with a rebound.
7:03 of 3rd period - Radko Gudas is hit by Philippe Paradis and loses puck.
7:36 of 3rd period - Snap shot by Andrew Miller.
7:36 of 3rd period - Shot Blocked by Greg Pateryn.
7:42 of 3rd period - Slapshot by Yannick Weber.
7:42 of 3rd period - Shot Blocked by Matt Greene.
7:44 of 3rd period - Slapshot by Greg Pateryn.
7:44 of 3rd period - Stopped by Devan Dubnyk with a rebound.
8:00 of 3rd period - Slapshot by Sergei Gonchar.
8:00 of 3rd period - Shot Misses the Net.
8:02 of 3rd period - Slapshot by Sergei Gonchar.
8:02 of 3rd period - Shot Blocked by Greg Pateryn.
8:04 of 3rd period - Slapshot by Zach Budish.
8:04 of 3rd period - Stopped by Carter Hutton with a rebound.
8:50 of 3rd period - Snap shot by Bobby Butler.
8:50 of 3rd period - Shot Misses the Net.
9:39 of 3rd period - David Warsofsky is hit by Jonathan Marchessault and loses puck.
10:45 of 3rd period - Slapshot by Stephen Weiss.
10:45 of 3rd period - Stopped by Devan Dubnyk with a rebound.
11:05 of 3rd period - Rob Klinkhammer is hit by Drew Stafford and loses puck.
11:14 of 3rd period - Rob Klinkhammer is hit by Radko Gudas and loses puck.
11:36 of 3rd period - Minor Penalty to Paul Stastny for High sticking.
11:37 of 3rd period - Ryan Spooner wins face-off versus Matt Cullen in Devils zone.
12:18 of 3rd period - Snap shot by Rob Klinkhammer.
12:18 of 3rd period - Shot Misses the Net.
13:13 of 3rd period - Scottie Upshall is hit by David Jones and loses puck.
13:36 of 3rd period - Penalty to Paul Stastny is over, Paul Stastny is back on ice.
13:38 of 3rd period - Radko Gudas is hit by Greg Pateryn and loses puck.
14:12 of 3rd period - Backhand shot by Stephen Weiss.
14:12 of 3rd period - Stopped by Devan Dubnyk without a rebound.
14:13 of 3rd period - Andrew Miller wins face-off versus Stephen Weiss in Devils zone.
14:13 of 3rd period - Andrew Miller is hit by Carter Ashton.
14:16 of 3rd period - Minor Penalty to Sergei Gonchar for Hooking.
14:17 of 3rd period - Ryan Spooner wins face-off versus Brendan Shinnimin in Devils zone.
15:14 of 3rd period - Brad Hunt is hit by Greg Pateryn and loses puck.
15:33 of 3rd period - Wrist shot by Elias Lindholm.
15:33 of 3rd period - Stopped by Devan Dubnyk without a rebound.
15:34 of 3rd period - Elias Lindholm wins face-off versus Matt Cullen in Devils zone.
16:10 of 3rd period - Michal Jordan is hit by Radko Gudas and loses puck.
16:15 of 3rd period - Snap shot by Brendan Shinnimin.
16:15 of 3rd period - Stopped by Carter Hutton with a rebound.
16:16 of 3rd period - Penalty to Sergei Gonchar is over, Sergei Gonchar is back on ice.
16:17 of 3rd period - Slapshot by Radko Gudas.
16:17 of 3rd period - Shot Blocked by Yannick Weber.
17:02 of 3rd period - Sergei Gonchar is hit by Mark Borowiecki.
17:20 of 3rd period - Wrist shot by Paul Stastny.
17:20 of 3rd period - Stopped by Carter Hutton without a rebound.
17:21 of 3rd period - Paul Stastny wins face-off versus Gabriel Dumont in Coyotes zone.
18:33 of 3rd period - Wrist shot by Jonathan Marchessault.
18:33 of 3rd period - Shot Blocked by Brendan Shinnimin.
18:35 of 3rd period - Slapshot by Jonathan Marchessault.
18:35 of 3rd period - Shot Misses the Net.
18:45 of 3rd period - Mark Borowiecki is hit by Zach Budish and loses puck.
19:08 of 3rd period - Mark Borowiecki is hit by Matt Greene and loses puck.
19:33 of 3rd period - Snap shot by Elias Lindholm.
19:33 of 3rd period - Stopped by Devan Dubnyk with a rebound.
19:37 of 3rd period - Snap shot by Eric Nystrom.
19:37 of 3rd period - Stopped by Devan Dubnyk with a rebound.
19:39 of 3rd period - Snap shot by Mark Borowiecki.
19:39 of 3rd period - Shot Misses the Net.
Goals for this period are 0 for Devils vs 0 for Coyotes.
Shots for this period are 4 for Devils vs 9 for Coyotes.